 Dungeon Crawl Stone Soup version 0.31-a0-1300-gb6740aa4e6 (webtiles) character file.

Game seed: 4894945900379735354

189 snipermonke the Twirler (level 5, -2/48 HPs)
             Began as a Gargoyle Gladiator on Dec 18, 2023.
             Killed from afar by an orc wizard (5 damage)
             ... with a magic dart
             ... on level 3 of the Dungeon.
             The game lasted 00:04:23 (2190 turns).

snipermonke the Twirler (Gargoyle Gladiator)        Turns: 2190, Time: 00:04:23

Health: -2/48      AC: 10    Str: 20    XL:     5   Next: 68%
Magic:  6/6        EV: 11    Int:  8    God:
Gold:   153        SH:  0    Dex: 11    Spells: 6/6 levels left

rFire   . . .        a - +0 quarterstaff
rCold   . . .        (shield currently unavailable)
rNeg    + . .        n - +0 ring mail
rPois   ∞            c - +0 helmet
rElec   +            (no cloak)
rCorr   .            (no gloves)
SInv    .            (no boots)
Will    .....        (no amulet) Stlth
                     (no ring)
HPRegen 0.28/turn    (no ring)
MPRegen 0.10/turn

%: no passive effects
@: confused, berserking, very quick
A: sickness immunity, AC +4, negative energy resistance 1, electricity
resistance, torment resistance 1, petrification resistance
a: no special abilities


You were on level 3 of the Dungeon.
You visited 1 branch of the dungeon, and saw 3 of its levels.

You collected 153 gold pieces.

Inventory:

Hand Weapons
 a - a +0 quarterstaff (weapon)
Missiles
 d - 3 throwing nets
Armour
 b - a +0 leather armour
 c - a +0 helmet (worn)
 n - a +0 ring mail (worn)
Jewellery
 r - a ring of see invisible
Wands
 h - a wand of light (11)
Scrolls
 q - a scroll of revelation
Potions
 g - a potion of magic
 i - a potion of resistance {unknown}
 j - a potion of heal wounds {unknown}
 k - a potion of brilliance {unknown}
 l - 2 potions of curing {unknown}
 m - a potion of lignification {unknown}
 o - a potion of invisibility {unknown}


   Skills:
 * Level 2.9 Fighting
 * Level 4.8 Staves
 + Level 1.8 Throwing
 * Level 1.2 Armour
 * Level 3.2 Dodging
 * Level 1.1 Spellcasting


You had 6 spell levels left.
You didn't know any spells.
Your spell library was empty.

Dungeon Overview and Level Annotations

Branches:
Dungeon (3/15)

Altars:
Cheibriados


Innate Abilities, Weirdness & Mutations

You are immune to sickness and miasma.
Your stone body is resilient. (AC +4)
You are immune to poison.
You resist negative energy. (rN+)
You are resistant to electric shocks. (rElec)
You are resistant to unholy torment.
You are immune to petrification.


Message History

* * * LOW HITPOINT WARNING * * *
Aiming: Bolt of Light
Press: ? - help, Shift-Dir - straight line
Okay, then.
You closely miss something. The orc hits you but does no damage.
Something hits you.
* * * LOW HITPOINT WARNING * * *
You miss something. The orc barely misses you.
Something hits you but does no damage. The orc barely misses you.
Hit: a) +0 quarterstaff
Press: ? - help, Dir - move target You closely miss something.
You hear some strange, mumbled words.
A magic dart appears from out of thin air!
The magic dart hits you.
* * * LOW HITPOINT WARNING * * *
The orc closely misses you.
As you read the scroll labelled YSAXZE MIRAEKE, it crumbles to dust.
It is a scroll of identify.
g - a potion of magic You hear some strange, mumbled words.
Something tries to affect you, but you resist.
The orc hits you but does no damage.
It was a potion of berserk rage.
A red film seems to cover your vision as you go berserk!
You feel yourself moving faster!
You feel mighty! Something hits you but does no damage.
The orc closely misses you.
You miss something. You barely miss something.
You hear some strange, mumbled words.
You are confused.
The orc hits you but does no damage.
You miss something. Something hits you but does no damage.
The orc hits you with a +0 dagger.
* * * LOW HITPOINT WARNING * * *
You're too confused to move!
Something hits you but does no damage.
You barely miss something. The orc completely misses you.
A magic dart appears from out of thin air!
The magic dart hits you.
You die...

###.#####......... ###
#.####......#.. ....
#######.#....###....## ...
#.........#######....#..#
#....................#..# .
#.....#.#########.......#..
#.....#.# ###o.........
###.###.# ##..{o......#
##.##..######.@###).#.....
###.......##....####..# ...
....#####......##..((.# .
##### #####.....###.o +
+...######.. #####
#####..........!.
.)..#####.......#######...
###.................. ....
###..#.#..........###


You could see 2 orcs.

Vanquished Creatures
  An orc priest (D:3)
  Terence (D:3)
  4 gnolls
  3 adders
  2 worms (D:2)
  An orc (D:3)
  5 ball pythons
  7 endoplasms
  2 giant cockroaches
  6 goblins
  4 hobgoblins
  7 jackals
  3 quokkas
  6 bats
  5 frilled lizards
  3 kobolds
  5 rats
65 creatures vanquished.

Notes
Turn   | Place    | Note
-------+----------+-------------------------------------------
     0 | D:1      | snipermonke the Gargoyle Gladiator began the quest for the
                  | Orb.
     0 | D:1      | Reached XP level 1. HP: 12/12 MP: 1/1
   144 | D:1      | Reached XP level 2. HP: 17/17 MP: 2/2
   172 | D:1      | Reached XP level 3. HP: 15/22 MP: 3/3
   228 | D:1      | You fall into a shaft and drop 1 floor!
   269 | D:2      | Reached skill level 4 in Staves
   312 | D:2      | Found a snail-covered altar of Cheibriados.
   477 | D:1      | Reached XP level 4. HP: 27/27 MP: 4/4
  1501 | D:2      | Reached skill level 1 in Armour
  1562 | D:2      | Reached XP level 5. HP: 31/31 MP: 6/6
  2096 | D:3      | Noticed Terence
  2101 | D:3      | Killed Terence
  2102 | D:3      | Reached skill level 1 in Spellcasting
  2190 | D:3      | Killed from afar by an orc wizard

Illustrated notes

Levels and vault maps discovered:
D:1:      lightli_arrival_statue_moat, layout_loops_ring
D:2:      layout_basic, basic_altar, st_stairs_2, grunt_ministairs_14,
          minmay_tetromino_o2
D:3:      layout_rooms, nicolae_uskayaw_dance_hall,
          mainiacjoe_overflow_surrounded_room, okawaru_metal_pillars_3,
          uniq_terence

Skill      XL: |  1  2  3  4  5 |
---------------+----------------+-----
Staves         | 4 |  4.8
Armour         | 1 |  1.2
Spellcasting   | 1 |  1.1
Dodging        | 3 |  3.2
Fighting       | |  2.9
Throwing       | |  1.8

Action                     |  1- 3 |  4- 6 || total
---------------------------+-------+-------++-------
  Melee: Quarterstaff      |    89 |   109 ||   198
  Throw: Javelin           |     1 |     3 ||     4
         Throwing net      |     1 |       ||     1
  Evoke: Wand              |       |     2 ||     2
    Use: Scroll            |       |     7 ||     7
         Potion            |       |     1 ||     1
   Stab: Sleeping          |     1 |       ||     1
 Armour: Leather armour    |    54 |    17 ||    71
         Ring mail         |       |    84 ||    84
  Dodge: Dodged            |    70 |    83 ||   153

Table legend: (Time is in decaauts)
 A = Elapsed time spent in this place.
 B = Non-inter-level travel time spent in this place.
 C = Inter-level travel time spent in this place.
 D = Time resting spent in this place.
 E = Time spent auto-exploring this place.
 F = Levels seen in this place.
 G = Mean time per level.
                   A        B        C        D        E       F      G
               +--------+--------+--------+--------+--------+-----+--------+
         Total |   2207 |   2099 |    108 |      0 |   1498 |   3 |  735.7 |
       Dungeon |   2207 |   2099 |    108 |      0 |   1498 |   3 |  735.7 |
               +--------+--------+--------+--------+--------+-----+--------+

Top non-repeatable levels by time:
     D:2: 1247 daAuts
     D:1: 796 daAuts
     D:3: 163 daAuts
